[Event "Early-Titled-Tuesday-Blitz-March-05-2024"]
[Site "Chess.com"]
[Date "2024.03.05"]
[Round "2"]
[White "GoltsevDmitry2000"]
[Black "LLariMarc"]
[Result "1-0"]
[WhiteElo "2709"]
[BlackElo "2395"]
[TimeControl "180+1"]
[EndTime "8:16:22 PST"]
[Termination "GoltsevDmitry2000 won by resignation"]

1. e4 e5 2. Nf3 Nc6 3. Bb5 a6 4. Ba4 Nf6 5. O-O Be7 6. Re1 b5 7.
Bb3 d6 8. c3 O-O 9. d4 Bg4 10.
d5 Na5 11. Bc2 c6 12. h3 Bxf3 13. Qxf3 cxd5 14. exd5 Nc4 15. Bg5 h6 16. Bh4 g6 17. a4 Kg7 18. Na3 Nxa3 19. Rxa3 Nd7 20. Bg3 Nb6 21. a5 Nd7 22. b4 Rc8 23. Bd3 f5 24. Qe2 Bf6 25. f3 Bh4 26. Bf2 Bxf2+ 27. Qxf2 Nf6 28. Qa7+ Qc7 29. Qxa6 Nxd5 30. Qxb5 Nxc3 31.
Qb6 Qxb6+ 32. axb6 Nd5 33. Ra7+ Rf7 34. Rxf7+ Kxf7 35. b7 Rb8 36. Bc4 1-0

[Event "Early-Titled-Tuesday-Blitz-March-05-2024"]
[Site "Chess.com"]
[Date "2024.03.05"]
[Round "2"]
[White "tusplingher"]
[Black "Dale"]
[Result "1-0"]
[WhiteElo "2450"]
[BlackElo "2090"]
[TimeControl "180+1"]
[EndTime "8:16:22 PST"]
[Termination "tusplingher won by checkmate"]

1. e4 c5 2. Nf3 d6 3. Bb5+ Nd7 4. d4 cxd4 5. Qxd4 e6 6. O-O a6 7. Bxd7+ Bxd7 8. c4 b5 9. cxb5 axb5 10. Nc3 Qb8 11.
Bf4 e5 12. Nxe5 dxe5 13. Bxe5 Qa7 14. Bxg7 Qxd4 15. Bxd4 f6 16. Nd5 Kf7 17. Rfd1 Bc6 18. Rac1 Bxd5 19. Rc7+ Kg6 20. exd5 Bd6 21. Rd7 Be5 22.
Bc5 Rxa2 23. Rd8 Rxb2 24. d6 b4 25. d7 b3 26. Rc8 Rc2 27. d8=Q b2 28. Qd3+ Kh6 29.
Qxc2 Ne7 30. Rxh8 f5 31. Bxe7 Bxh8 32. Qxf5 b1=Q 33. Qg5# 1-0

[Event "Early-Titled-Tuesday-Blitz-March-05-2024"]
[Site "Chess.com"]
[Date "2024.03.05"]
[Round "2"]
[White "Crazy_girl99"]
[Black "Jospem"]
[Result "0-1"]
[WhiteElo "2528"]
[BlackElo "3057"]
[TimeControl "180+1"]
[EndTime "8:16:23 PST"]
[Termination "Jospem won by resignation"]

1. Nf3 c5 2. g3 Nc6 3. Bg2 g6 4. c4 Bg7 5. Nc3 d6 6. O-O e6 7. e3 Nge7 8. d4 O-O 9. b3 cxd4 10. exd4 d5 11. Bb2 b6 12. Rc1 Ba6 13. Ne2 Rc8 14.
Re1 dxc4 15. bxc4 Na5 16. Ne5 Nxc4 17. Nxc4 Bxc4 18. Ba3 b5 19. Bc5 a6 20. Nf4 Qd7 21.
a4 Rfd8 22. axb5 axb5 23. Qf3 Nf5 24. Red1 Nxd4 25. Bxd4 Bxd4 26. h4 e5 27. Bh3 f5 28.
Ne2 e4 29. Qxe4 Bxf2+ 30. Kxf2 Qxd1 31. Bxf5 gxf5 32. Qe7 Qxe2+ 33. Qxe2 Bxe2 34. Rxc8 Rxc8 0-1

[Event "Early-Titled-Tuesday-Blitz-March-05-2024"]
[Site "Chess.com"]
[Date "2024.03.05"]
[Round "2"]
[White "AlexeiShirov"]
[Black "ReinisUz"]
[Result "1-0"]
[WhiteElo "2841"]
[BlackElo "2411"]
[TimeControl "180+1"]
[EndTime "8:16:23 PST"]
[Termination "AlexeiShirov won by resignation"]

1. e4 e5 2. Nf3 Nc6 3. Bb5 Nf6 4. O-O Nxe4 5. Re1 Nd6 6. a4 Be7 7. Nc3 O-O 8. d4 Nxd4 9. Nxd4 exd4 10. Nd5 Bf6 11. Bd3 c6 12. Bf4 cxd5 13. Bxd6 Re8 14. Rxe8+ Qxe8 15. Qd2 b6 16. Re1 Qd8 17. Bc7 Qf8 18.
Qf4 Bb7 19. Qf5 g6 20. Qxf6 1-0

[Event "Early-Titled-Tuesday-Blitz-March-05-2024"]
[Site "Chess.com"]
[Date "2024.03.05"]
[Round "2"]
[White "maurovargas01"]
[Black "Al_Shima"]
[Result "0-1"]
[WhiteElo "1835"]
[BlackElo "2421"]
[TimeControl "180+1"]
[EndTime "8:16:23 PST"]
[Termination "Al_Shima won by resignation"]

1. e4 c6 2. d3 d5 3. Nc3 Nf6 4. e5 Nfd7 5. e6 fxe6 6. d4 Nf6 7. Bd3 g6 8. Qf3 Bg7 9. Qg3 O-O 10. Nf3 Nh5 11.
Qh4 Nd7 12. g4 Nf4 13. Bxf4 Rxf4 14. Ng5 Nf6 15. h3 Rxd4 16. O-O-O b5 17. Ne2 Ra4 18. Nf4 Rxf4 19. Rhe1 Ra4 20. Re3 Rxa2 21. Rf3 h6 22.
Bxg6 hxg5 23. Rxf6 gxh4 24. Bf7+ Kh8 25. Rf3 Qa5 26. Rd4 Bxd4 0-1

[Event "Early-Titled-Tuesday-Blitz-March-05-2024"]
[Site "Chess.com"]
[Date "2024.03.05"]
[Round "2"]
[White "JonasEilenberg"]
[Black "KhalilMousavi98"]
[Result "0-1"]
[WhiteElo "2547"]
[BlackElo "2817"]
[TimeControl "180+1"]
[EndTime "8:16:25 PST"]
[Termination "KhalilMousavi98 won by checkmate"]

1. d4 d5 2. c4 e6 3. Nc3 Nf6 4. cxd5 exd5 5. Bg5 c6 6. e3 h6 7. Bh4 Be7 8. Bd3 O-O 9. Nge2 Ne8 10. Bg3 Nd6 11. Qd2 Nd7 12. a4 Re8 13. a5 Nf6 14.
Qc2 Bf8 15. O-O Bg4 16. Rae1 Bxe2 17. Rxe2 Nfe4 18. a6 b5 19. Bxe4 dxe4 20. Bxd6 Bxd6 21. Nxe4 Bxh2+ 22. Kxh2 Qh4+ 23. Kg1 Rxe4 24. Qxc6 Rae8 25. Rc1 R8e6 26. Qa8+ Kh7 27. Rc8 Rxd4 28. Rc1 Rg4 29.
Qxa7 Rxg2+ 30. Kxg2 Rg6+ 31. Kf3 Qg4# 0-1

[Event "Early-Titled-Tuesday-Blitz-March-05-2024"]
[Site "Chess.com"]
[Date "2024.03.05"]
[Round "2"]
[White "bulletteemo"]
[Black "scarabee43"]
[Result "0-1"]
[WhiteElo "2588"]
[BlackElo "2905"]
[TimeControl "180+1"]
[EndTime "8:16:27 PST"]
[Termination "scarabee43 won on time"]

1. e4 c5 2. Nf3 e6 3. d4 cxd4 4.
Nxd4 Nc6 5. Nc3 Qc7 6. a3 a6 7.
Be3 Nf6 8. f4 d6 9. Qf3 Be7 10.
O-O-O Nxd4 11. Rxd4 b5 12. Be2 Bb7 13. g4 d5 14. e5 Nd7 15. Rdd1 d4 16. Ne4 dxe3 17. Qxe3 O-O 18. g5 Rac8 19. Rd2 Nc5 20. Nf6+ Bxf6 21. gxf6 Bxh1 22. Qg3 g6 23. Qh3 Kh8 24. b4 Ne4 0-1

[Event "Early-Titled-Tuesday-Blitz-March-05-2024"]
[Site "Chess.com"]
[Date "2024.03.05"]
[Round "2"]
[White "chess94cu"]
[Black "Vse_po_kaify"]
[Result "1-0"]
[WhiteElo "2661"]
[BlackElo "2309"]
[TimeControl "180+1"]
[EndTime "8:16:28 PST"]
[Termination "chess94cu won by resignation"]

1. Nf3 Nf6 2. c4 g6 3. b3 Bg7 4. Bb2 O-O 5. g3 d6 6. Bg2 c5 7. O-O e5 8. d3 Nc6 9. Nc3 Bd7 10. a3 Nh5 11. Nd2 f5 12. Nd5 Kh8 13. e3 f4 14. b4 fxe3 15. fxe3 b6 16. b5 Na5 17. Ne4 Be6 18. Qe2 Qd7 19. a4 Nb7 20. Ng5 Bg4 21. Qc2 h6 22. Ne4 Kh7 23. Bc3 Rxf1+ 24. Rxf1 Rf8 25. Rxf8 1-0

[Event "Early-Titled-Tuesday-Blitz-March-05-2024"]
[Site "Chess.com"]
[Date "2024.03.05"]
[Round "2"]
[White "AndresDelgado77"]
[Black "kleopl"]
[Result "0-1"]
[WhiteElo "2311"]
[BlackElo "2523"]
[TimeControl "180+1"]
[EndTime "8:16:28 PST"]
[Termination "kleopl won on time"]

1. e4 c5 2. Nf3 d6 3. d4 cxd4 4.
Qxd4 Nc6 5. Bb5 Bd7 6. Qd3 g6 7. Nc3 Bg7 8. Bg5 h5 9. O-O-O Qa5 10. e5 Nxe5 11. Nxe5 Bxe5 12. Bxd7+ Kxd7 13. Qh3+ e6 14. Qf3 Rh7 15. Qxb7+ Qc7 16. Qxa8 Bxc3 17. bxc3 Ne7 18. Bxe7 Kxe7 19. Rd3 d5 20. Qg8 Qf4+ 21. Kb2 Qh6 22. Re1 Rh8 0-1

[Event "Early-Titled-Tuesday-Blitz-March-05-2024"]
[Site "Chess.com"]
[Date "2024.03.05"]
[Round "2"]
[White "LionKing2367890"]
[Black "JG-17"]
[Result "0-1"]
[WhiteElo "2228"]
[BlackElo "2482"]
[TimeControl "180+1"]
[EndTime "8:16:33 PST"]
[Termination "JG-17 won by resignation"]

1. e4 c6 2. d4 d5 3. e5 c5 4. dxc5 e6 5. a3 Bxc5 6. b4 Bb6 7. Bb2 Nc6 8. Nd2 Nge7 9. Ngf3 Ng6 10. Bb5 O-O 11. Bxc6 bxc6 12. O-O c5 13. c4 Bb7 14. cxd5 Qxd5 15. bxc5 Bxc5 16. Rc1 Nf4 17. Qb3 Nd3 18. Qxd5 Bxd5 19. Rc3 Rab8 20. Ba1 Bxf3 21. gxf3 Rfd8 22. Ne4 Bb6 23. Rb3 Bxf2+ 24. Nxf2 Rxb3 25. Ne4 Rxa3 26. Rd1 Rb8 27. Bc3 Nf4 28. Bb4 Rxf3 29. Bd6 Rc8 30. Nc5 h5 31. Ra1 Rc3 32. Ne4 Rc1+ 0-1

[Event "Early-Titled-Tuesday-Blitz-March-05-2024"]
[Site "Chess.com"]
[Date "2024.03.05"]
[Round "2"]
[White "djano"]
[Black "Nuvas"]
[Result "0-1"]
[WhiteElo "2551"]
[BlackElo "2819"]
[TimeControl "180+1"]
[EndTime "8:16:35 PST"]
[Termination "Nuvas won by resignation"]

1. e4 e5 2. Nf3 Nc6 3. d4 exd4 4. Nxd4 Qf6 5. Nb3 Bb4+ 6. c3 Bd6 7. Be2 b6 8. O-O Bb7 9. f4 Qe7 10. Bf3 O-O-O 11.
Kh1 f6 12. a4 g5 13. e5 fxe5 14. fxg5 e4 15. Be2 h6 16. g6 Qh4 17. h3 Qg3 18. Kg1 Qh2+ 19. Kf2 Nge7 20. Ke3 Nxg6 21. Kd2 Rhf8 22. Rxf8 Rxf8 23. Kc2 Qxg2 24. N1d2 Rf2 25. Bf1 Qf3 26. Kb1 Qxd1 0-1

[Event "Early-Titled-Tuesday-Blitz-March-05-2024"]
[Site "Chess.com"]
[Date "2024.03.05"]
[Round "2"]
[White "rnanjo"]
[Black "ElVital"]
[Result "1-0"]
[WhiteElo "2578"]
[BlackElo "2347"]
[TimeControl "180+1"]
[EndTime "8:16:36 PST"]
[Termination "rnanjo won by resignation"]

1. e4 g6 2. d4 Bg7 3. Nc3 d6 4.
Be3 a6 5. g4 b5 6. Bg2 Bb7 7.
h4 b4 8. Nce2 Nf6 9. Ng3 h5 10.
gxh5 Nxh5 11. Nxh5 Rxh5 12. Bf3 Rh8 13. h5 gxh5 14.
e5 Qc8 15. Rxh5 Rxh5 16. Bxb7 Qxb7 17. Qxh5 Qd5 18. Qg4 Nc6 19. Qxg7 Kd7 20. Qg4+ e6 21. Qf3 Qc4 22. Qxf7+ Ne7 23. Nf3 Rh8 24. O-O-O Qxa2 25. Bg5 Re8 26. exd6 cxd6 27. d5 e5 28. Qe6+ 1-0

[Event "Early-Titled-Tuesday-Blitz-March-05-2024"]
[Site "Chess.com"]
[Date "2024.03.05"]
[Round "2"]
[White "becemix"]
[Black "DonJuanEGenaro"]
[Result "1-0"]
[WhiteElo "2433"]
[BlackElo "1970"]
[TimeControl "180+1"]
[EndTime "8:16:36 PST"]
[Termination "becemix won by resignation"]

1. e4 e5 2. Nf3 d6 3. d4 f5 4. dxe5 fxe4 5. Ng5 d5 6. Nc3 c6 7. Ncxe4 dxe4 8. Qxd8+ Kxd8 9. Nf7+ Ke8 10. Nxh8 Be6 11. h4 Nd7 12. Bf4 Bc5 13. h5 Bd4 14. O-O-O Bxf2 15.
h6 Kf8 16. Ng6+ Kf7 17. Nh4 g5 18. Bxg5 Nxe5 19. Be2 Nf6 20. Rhf1 e3 21. Rd4 Bf5 22. Nxf5 Kg6 23. Bxe3 Bxe3+ 24. Nxe3 1-0

[Event "Early-Titled-Tuesday-Blitz-March-05-2024"]
[Site "Chess.com"]
[Date "2024.03.05"]
[Round "2"]
[White "IM_ArthurDW08"]
[Black "Bilan_Danila"]
[Result "1-0"]
[WhiteElo "2807"]
[BlackElo "2539"]
[TimeControl "180+1"]
[EndTime "8:16:37 PST"]
[Termination "IM_ArthurDW08 won on time"]

1. e4 c6 2. Nf3 d5 3. d3 Bg4 4. h3 Bh5 5. g4 Bg6 6. Qe2 e6 7. h4 h6 8. Nc3 Nf6 9. Ne5 Bh7 10. g5 Nfd7 11. Nf3 dxe4 12. dxe4 Qc7 13. Be3 Na6 14. O-O-O Bc5 15. Bxc5 Naxc5 16. Qe3 O-O-O 17. b4 Na6 18. Bxa6 bxa6 19. Na4 Nb6 20. Nc5 Rxd1+ 21. Rxd1 hxg5 22.
Nxg5 Bg6 23. Qc3 Qf4+ 24. Kb1 Qxf2 25. Qxg7 Rd8 26. Rxd8+ Kxd8 27. Qf8+ Kc7 28. Ngxe6+ 1-0

[Event "Early-Titled-Tuesday-Blitz-March-05-2024"]
[Site "Chess.com"]
[Date "2024.03.05"]
[Round "2"]
[White "Shivananda1964"]
[Black "GelmanAlexander"]
[Result "0-1"]
[WhiteElo "2338"]
[BlackElo "2665"]
[TimeControl "180+1"]
[EndTime "8:16:37 PST"]
[Termination "GelmanAlexander won on time"]

1. e4 c5 2. Nf3 e6 3. c3 b6 4. d4 Bb7 5. Bd3 Nf6 6. Nbd2 d5 7. e5 Nfd7 8. O-O Nc6 9. a3 g5 10. b4 g4 11. b5 Na5 12. Ne1 h5 13. f4 Qc7 14. f5 O-O-O 15. fxe6 fxe6 16. Ra2 Bh6 17. c4 Bxd2 18. Bxd2 Nxc4 19. Bxc4 dxc4 20. Bc3 Nxe5 21. Qe2 cxd4 22. Bb4 Kb8 0-1

[Event "Early-Titled-Tuesday-Blitz-March-05-2024"]
[Site "Chess.com"]
[Date "2024.03.05"]
[Round "2"]
[White "Kostya0705"]
[Black "Binary010"]
[Result "1-0"]
[WhiteElo "2575"]
[BlackElo "2828"]
[TimeControl "180+1"]
[EndTime "8:16:38 PST"]
[Termination "Kostya0705 won by resignation"]

1. e4 c5 2. Nf3 e6 3. d4 cxd4 4. Nxd4 Nf6 5. Nc3 Nc6 6. Ndb5 Bc5 7. Bf4 O-O 8. Bc7 Qe7 9. Bd6 Bxd6 10. Qxd6 Qd8 11. Nc7 Rb8 12. Be2 b6 13. O-O-O Rb7 14. N7b5 a6 15. Nd4 Nxd4 16. Qxd4 b5 17. e5 Ne8 18.
Ne4 Qa5 19. Kb1 Rc7 20. f4 Bb7 21. Bd3 Bd5 22. a3 Rb7 23. Nc3 Bxg2 24. Rhg1 b4 25.
axb4 Rxb4 26. Bxh7+ Kxh7 27. Qd3+ Kg8 28. Rxg2 Qa3 29. b3 a5 30. Ne4 a4 31. Nf6+ Nxf6 32. exf6 Rfb8 33. Rxg7+ Kf8 34. Qd6+ 1-0

[Event "Early-Titled-Tuesday-Blitz-March-05-2024"]
[Site "Chess.com"]
[Date "2024.03.05"]
[Round "2"]
[White "marcodobrikov"]
[Black "oneshot007"]
[Result "0-1"]
[WhiteElo "2767"]
[BlackElo "2549"]
[TimeControl "180+1"]
[EndTime "8:16:38 PST"]
[Termination "oneshot007 won by checkmate"]

1. c4 Nf6 2. Nc3 g6 3. e4 d6 4. f4 Bg7 5. d4 O-O 6. Nf3 c5 7. d5 e6 8. Bd3 exd5 9. cxd5 b5 10. Bxb5 Nxe4 11. Nxe4 Qa5+ 12. Nc3 Bxc3+ 13. bxc3 Qxb5 14.
Kf2 Bg4 15. h3 Bxf3 16. Qxf3 Nd7 17. f5 Ne5 18. Qe3 Nd3+ 19. Kg3 c4 20. f6 Qxd5 21.
h4 Rfe8 22. Qf3 Qxf3+ 23. Kxf3 Nxc1 24. Raxc1 Re6 25. Rcd1 Rxf6+ 26. Kg3 Re8 27. Rhe1 Rxe1 28. Rxe1 Re6 29. Rd1 Re3+ 30. Kf4 Rxc3 31. Rxd6 Rc2 32. g4 Rxa2 33. Rc6 Ra4 34. Kg5 Kg7 35. h5 h6+ 36.
Kf4 g5+ 37. Kf5 a5 38. Rc5 c3 39. Rxc3 Rf4+ 40. Ke5 Rxg4 41. Ra3 a4 42. Kf5 Rf4+ 43. Ke5 Rh4 44. Kf5 Rxh5 45. Rxa4 Rh1 46. Kg4 Rf1 47. Kh5 Rf4 48. Re4 Rf1 49. Kg4 f5+ 50. Kh5 Rh1+ 51. Rh4 Rxh4# 0-1

[Event "Early-Titled-Tuesday-Blitz-March-05-2024"]
[Site "Chess.com"]
[Date "2024.03.05"]
[Round "2"]
[White "OneTrickPony_82"]
[Black "DavidGavrilescu18"]
[Result "0-1"]
[WhiteElo "2528"]
[BlackElo "2758"]
[TimeControl "180+1"]
[EndTime "8:16:38 PST"]
[Termination "DavidGavrilescu18 won by resignation"]

1. d4 d5 2. c4 e6 3. Nf3 Nf6 4. Nc3 Nbd7 5. cxd5 exd5 6. Bg5 c6 7.
e3 h6 8. Bh4 g5 9. Bg3 Nh5 10.
Bd3 Nxg3 11. hxg3 Bg7 12. Qc2 Nb6 13. O-O-O Be6 14. Kb1 Qe7 15. e4 dxe4 16. Nxe4 O-O-O 17. Rhe1 Qb4 18. Nc5 Bc4 19. Bf5+ Kb8 20. a3 Qb5 21.
Re7 Bxd4 22. Nd7+ Rxd7 23. Bxd7 Bf6 24. Re3 Rd8 25. Nd4 Bxd4 26. Rxd4 Rxd7 27. Re8+ Kc7 28. Qd2 Bd3+ 29. Qxd3 Qxd3+ 30. Rxd3 Rxd3 31. Re7+ Rd7 0-1

[Event "Early-Titled-Tuesday-Blitz-March-05-2024"]
[Site "Chess.com"]
[Date "2024.03.05"]
[Round "2"]
[White "StankovicIvan"]
[Black "Storne89"]
[Result "1-0"]
[WhiteElo "2522"]
[BlackElo "2707"]
[TimeControl "180+1"]
[EndTime "8:16:38 PST"]
[Termination "StankovicIvan won by resignation"]

1. e4 e5 2. d4 exd4 3. Qxd4 Nc6 4. Qe3 Nf6 5. Nc3 Bb4 6. Bd2 O-O 7. O-O-O Re8 8. f3 a5 9. Qg5 d6 10. h4 Be6 11. h5 h6 12. Qg3 Kh8 13. Nh3 d5 14.
exd5 Nxd5 15. Nxd5 Bxd5 16. Nf4 Qd6 17. Bxb4 Nxb4 18. Bc4 c6 19. Ng6+ Qxg6 20. hxg6 Bxc4 21. a3 Nd5 22. gxf7 Rf8 23. Qe5 Kh7 24. b3 Ba6 25.
Qf5+ Kh8 26. Qg6 Nf6 27. Rxh6+ gxh6 28. Qxf6+ Kh7 29. Rh1 1-0

[Event "Early-Titled-Tuesday-Blitz-March-05-2024"]
[Site "Chess.com"]
[Date "2024.03.05"]
[Round "2"]
[White "ChessLover0108"]
[Black "unagi64"]
[Result "1-0"]
[WhiteElo "2965"]
[BlackElo "2610"]
[TimeControl "180+1"]
[EndTime "8:16:39 PST"]
[Termination "ChessLover0108 won by resignation"]

1. d4 d6 2. Nf3 Nf6 3. c4 g6 4. Nc3 Bg7 5. e4 O-O 6. Be2 e5 7. Be3 Na6 8. O-O c6 9. d5 Ng4 10.
Bg5 f6 11. Bh4 c5 12. Ne1 h5 13. Nd3 Nh6 14. f3 Nf7 15. a3 Bh6 16. Bf2 f5 17. b4 b6 18. bxc5 Nxc5 19. Nxc5 bxc5 20. Rb1 Ng5 21.
Qa4 fxe4 22. fxe4 Nf7 23. Kh1 Bd2 24. Qc2 Qg5 25. Nb5 Ba5 26. Nxd6 Nxd6 27. Bxc5 Rxf1+ 28. Rxf1 Bc7 29. Qa4 Qd8 30. Bxd6 Bxd6 31. c5 Bd7 32. Qa6 Bf8 33. Qxg6+ Bg7 34. Rf7 1-0

[Event "Early-Titled-Tuesday-Blitz-March-05-2024"]
[Site "Chess.com"]
[Date "2024.03.05"]
[Round "2"]
[White "Zq1"]
[Black "HansOnTwitch"]
[Result "0-1"]
[WhiteElo "2635"]
[BlackElo "3114"]
[TimeControl "180+1"]
[EndTime "8:16:41 PST"]
[Termination "HansOnTwitch won by resignation"]

1. d4 Nf6 2. c4 e6 3. Nf3 d5 4.
Nc3 c6 5. e3 Nbd7 6. Qc2 Bd6 7.
b3 b6 8. Be2 Bb7 9. O-O O-O 10.
Bb2 Qe7 11. Rad1 Rfe8 12. h3 Rac8 13. Rfe1 c5 14. cxd5 exd5 15. Qb1 c4 16. bxc4 dxc4 17. d5 Ne5 18. Nd4 g6 19. Ndb5 Bb8 20. e4 a6 21. d6 Qd7 22. Nc7 Bxc7 23. dxc7 Qxc7 24. f4 Ned7 25. e5 Qc5+ 26. Kh1 Qf2 27. Bf1 Nh5 28. Ne4 Bxe4 29. Rxe4 Ng3+ 30. Kh2 Nxe4 31. Qxe4 Nc5 32. Qd4 Qxd4 33. Rxd4 b5 0-1

[Event "Early-Titled-Tuesday-Blitz-March-05-2024"]
[Site "Chess.com"]
[Date "2024.03.05"]
[Round "2"]
[White "Veganator13"]
[Black "DrCeltic"]
[Result "1-0"]
[WhiteElo "2317"]
[BlackElo "2493"]
[TimeControl "180+1"]
[EndTime "8:16:42 PST"]
[Termination "Veganator13 won by resignation"]

1. c4 c6 2. g3 d5 3. Nf3 Nf6 4. Bg2 Bf5 5. Qb3 Qb6 6. d3 e6 7.
Be3 Qc7 8. cxd5 exd5 9. Nc3 Nbd7 10.
Rc1 Nb6 11. Bf4 Bd6 12. Nb5 Bxf4 13. Nxc7+ Bxc7 14. Nd4 Bg6 15. Qa3 Nc8 16. O-O Bd6 17. Qb3 Rb8 18. e4 O-O 19. Nf5 Bxf5 20. exf5 Ne7 21.
Bh3 c5 22. g4 h6 23. f4 Nc6 24. g5 Nd4 25. Qd1 hxg5 26. fxg5 Nh7 27. Qh5 Rfe8 28. g6 fxg6 29. fxg6 Nf8 30. Rxf8+ Kxf8 31. Rf1+ Ke7 32. Rf7+ Kd8 33. Rd7+ 1-0

[Event "Early-Titled-Tuesday-Blitz-March-05-2024"]
[Site "Chess.com"]
[Date "2024.03.05"]
[Round "2"]
[White "chupitroko32"]
[Black "Aslanov_Umid"]
[Result "1/2-1/2"]
[WhiteElo "2392"]
[BlackElo "2621"]
[TimeControl "180+1"]
[EndTime "8:16:46 PST"]
[Termination "Game drawn by repetition"]

1. e4 c5 2. Nc3 d6 3. g3 g6 4. Bg2 Bg7 5. d3 Nc6 6. Be3 e6 7. Qd2 Nge7 8. Bh6 O-O 9. Bxg7 Kxg7 10. Nge2 Rb8 11. a4 a6 12. O-O d5 13. exd5 exd5 14.
d4 cxd4 15. Nxd4 Kg8 16. Rfe1 Nxd4 17. Qxd4 Be6 18. Rad1 Qa5 19. Qf6 Nf5 20. Bxd5 Bxd5 21. Rxd5 Qb4 22. Rxf5 gxf5 23. Qg5+ Kh8 24. Qf6+ Kg8 25.
Qg5+ Kh8 26. Qf6+ Kg8 1/2-1/2

[Event "Early-Titled-Tuesday-Blitz-March-05-2024"]
[Site "Chess.com"]
[Date "2024.03.05"]
[Round "2"]
[White "LornerAcosta"]
[Black "diamonds13"]
[Result "1-0"]
[WhiteElo "2624"]
[BlackElo "2371"]
[TimeControl "180+1"]
[EndTime "8:16:47 PST"]
[Termination "LornerAcosta won by resignation"]

1. Nf3 c5 2. c4 Nc6 3. e3 f5 4. b3 Nf6 5. Bb2 d6 6. a3 e5 7. d4 cxd4 8. exd4 e4 9. Ng1 d5 10.
Ne2 Bd6 11. Nbc3 O-O 12. g3 f4 13. gxf4 Bg4 14. Qd2 Bf3 15. Rg1 Ne7 16. Ng3 Ng6 17. f5 Bf4 18. Qc2 Ne7 19. Be2 Rc8 20. Bxf3 exf3 21. c5 Nc6 22. Qd3 Re8+ 23. Kf1 Bxg3 24. Rxg3 Ne4 25. Nxe4 dxe4 26. Qc4+ Kh8 27. d5 Ne5 28.
Qxe4 Qf6 29. b4 b6 30. Re1 bxc5 31. Bxe5 Qa6+ 32. Kg1 Re7 33. Bxg7+ Rxg7 34. Qe8+ 1-0

[Event "Early-Titled-Tuesday-Blitz-March-05-2024"]
[Site "Chess.com"]
[Date "2024.03.05"]
[Round "2"]
[White "NikitaShnadrygin"]
[Black "NewYearGirl"]
[Result "1-0"]
[WhiteElo "2609"]
[BlackElo "2359"]
[TimeControl "180+1"]
[EndTime "8:16:47 PST"]
[Termination "NikitaShnadrygin won by resignation"]

1. e4 c5 2. Nf3 d6 3. d4 cxd4 4.
Nxd4 Nf6 5. Nc3 g6 6. f3 Bg7 7.
Be3 O-O 8. g4 Be6 9. Nxe6 fxe6 10. Bc4 Qc8 11. Bb3 Nc6 12. Qe2 Na5 13. O-O Nxb3 14.
axb3 a6 15. Na4 Nd7 16. c4 Rb8 17. Rac1 Qd8 18. Kg2 b5 19. cxb5 axb5 20. Nc3 Nc5 21. b4 Nb3 22. Rcd1 Qe8 23. Qc2 Nc5 24. bxc5 dxc5 25. Bxc5 b4 26. Ne2 g5 27. Qc4 Rf6 28.
Bd4 Rh6 29. Bxg7 Kxg7 30. f4 Rh4 31. h3 h5 32. Qd4+ Kg8 33. Qe5 Rb5 34. Rd8 Qxd8 35. Qxb5 Qd2 36. Qxg5+ Kf8 37. Qxh4 Qxe2+ 38. Qf2 Qxe4+ 39.
Qf3 1-0

[Event "Early-Titled-Tuesday-Blitz-March-05-2024"]
[Site "Chess.com"]
[Date "2024.03.05"]
[Round "2"]
[White "tetrix83"]
[Black "Genghis_K"]
[Result "0-1"]
[WhiteElo "2606"]
[BlackElo "2949"]
[TimeControl "180+1"]
[EndTime "8:16:48 PST"]
[Termination "Genghis_K won by resignation"]

1. e4 c5 2. Nf3 d6 3. Bb5+ Bd7 4.
Bxd7+ Nxd7 5. O-O e6 6. b3 Be7 7. Bb2 Bf6 8. Nc3 Ne7 9. d4 cxd4 10. Nxd4 O-O 11. Ndb5 d5 12. exd5 Nxd5 13. Rb1 Nxc3 14. Bxc3 a6 15. Bxf6 Nxf6 16. Nd4 Qa5 17. Qf3 Rad8 18.
Rbd1 Rd7 19. a4 Rfd8 20. c3 e5 21. Ne2 Rxd1 0-1

[Event "Early-Titled-Tuesday-Blitz-March-05-2024"]
[Site "Chess.com"]
[Date "2024.03.05"]
[Round "2"]
[White "SpeedofLight0"]
[Black "Louis-Paulsen-Fan"]
[Result "1-0"]
[WhiteElo "3073"]
[BlackElo "2215"]
[TimeControl "180+1"]
[EndTime "8:16:48 PST"]
[Termination "SpeedofLight0 won by resignation"]

1. d4 d5 2. Nc3 Nf6 3. Bf4 c6 4.
e3 Bf5 5. Bd3 Bxd3 6. cxd3 e6 7.
Nf3 Bd6 8. Qb3 b6 9. Ne5 O-O 10. Rc1 Nh5 11. O-O Nxf4 12. exf4 f6 13. Nf3 Bxf4 14. Rce1 Qd7 15. Re2 Na6 16. Rfe1 Nc7 17.
Qa4 Kh8 18. Rc2 a5 19. Ne2 b5 20. Qb3 Bd6 21. Rec1 Ra6 22. a3 e5 23. Ng3 e4 24.
dxe4 Bxg3 25. hxg3 dxe4 26. Nd2 Qxd4 27. Nf1 Nd5 28.
Rxc6 Rxc6 29. Rxc6 Rd8 30. Qxb5 e3 31. Rd6 exf2+ 32.
Kh2 Rf8 33. Rxd5 Qg4 34. Qc5 Rg8 35. Qxf2 1-0

[Event "Early-Titled-Tuesday-Blitz-March-05-2024"]
[Site "Chess.com"]
[Date "2024.03.05"]
[Round "2"]
[White "Hurghada"]
[Black "jk13"]
[Result "0-1"]
[WhiteElo "2384"]
[BlackElo "2685"]
[TimeControl "180+1"]
[EndTime "8:16:49 PST"]
[Termination "jk13 won by resignation"]

1. d4 Nf6 2. c4 e6 3. g3 Bb4+ 4. Bd2 Bxd2+ 5. Qxd2 O-O 6. Bg2 d5 7. cxd5 exd5 8. Nc3 Re8 9. e3 c6 10. Nge2 Bf5 11. O-O Nbd7 12. h3 h5 13. a4 a5 14.
Nf4 Nb6 15. b3 Nc8 16. Nd3 Nd6 17. Ne5 Nfe4 18. Nxe4 Bxe4 19. f3 Bh7 20. g4 hxg4 21. hxg4 Qb6 22. Qc3 f6 23. Nd7 Qc7 24. Nc5 b6 25.
Nd3 Rxe3 26. Rad1 Rae8 27. Rfe1 Nf7 28. Kf2 Qe7 29. Rxe3 Qxe3+ 30. Kg3 Ng5 31. Qe1 Bxd3 32. Qxe3 Rxe3 33. Kf4 Bc2 0-1

[Event "Early-Titled-Tuesday-Blitz-March-05-2024"]
[Site "Chess.com"]
[Date "2024.03.05"]
[Round "2"]
[White "ChessBrainiacOnTwitch"]
[Black "iJueles"]
[Result "1-0"]
[WhiteElo "2839"]
[BlackElo "2477"]
[TimeControl "180+1"]
[EndTime "8:16:49 PST"]
[Termination "ChessBrainiacOnTwitch won by resignation"]

1. Nf3 d5 2. c4 e6 3. g3 Nf6 4. Bg2 Be7 5. O-O O-O 6. b3 b6 7.
Bb2 Bb7 8. d4 c6 9. Nc3 Nbd7 10.
Rc1 Re8 11. Nd2 Ba6 12. e4 dxe4 13. Ndxe4 Rc8 14. Ng5 h6 15. Nf3 c5 16. d5 exd5 17. Nxd5 Nxd5 18. Qxd5 Nf6 19. Qf5 Rc6 20. Ne5 Re6 21.
Rcd1 Rd6 22. Rde1 Bc8 23. Qf3 Bf8 24. Nc6 Qd7 25. Rxe8 Nxe8 26. Ne5 Qc7 27. Re1 Be6 28.
Nd3 Qd8 29. Nf4 Bd7 30. Nd5 Bc6 31. Be5 Re6 32. Bh3 Bd6 33. Bxe6 fxe6 34. Bxd6 Qxd6 35.
Ne7+ Qxe7 36. Qxc6 1-0

[Event "Early-Titled-Tuesday-Blitz-March-05-2024"]
[Site "Chess.com"]
[Date "2024.03.05"]
[Round "2"]
[White "bazar-wokzal"]
[Black "VladimirKramnik"]
[Result "0-1"]
[WhiteElo "2609"]
[BlackElo "2963"]
[TimeControl "180+1"]
[EndTime "8:16:52 PST"]
[Termination "VladimirKramnik won by resignation"]

1. e4 c5 2. c3 d5 3. exd5 Qxd5 4. d4 Nf6 5. Nf3 Nc6 6. Be3 Bg4 7. dxc5 Qxd1+ 8.
Kxd1 Nd5 9. Bb5 O-O-O 10. Nd2 e5 11. Bxc6 bxc6 12. Kc2 Bf5+ 13. Kb3 Nxe3 14. fxe3 Bxc5 15. Rae1 f6 16. Ka4 Rd3 17. e4 Be6 18. Nb3 Be7 19.
Rd1 Rhd8 20. Rxd3 Rxd3 21. Nc1 Rd6 22. b4 c5 23. b5 c4 24. Re1 a6 25. bxa6 Rxa6+ 26. Kb5 Kb7 27. Re2 Rb6+ 28. Ka5 Bd7 0-1